 Dungeon Crawl Stone Soup version 0.30-a0-782-ge64f9170bb (webtiles) character file.

Game seed: 4443932162679923280

4 Raelden the Grave Robber (level 1, -1/14 HPs)
             Began as a Ghoul Necromancer on Mar 17, 2023.
             Slain by an adder (3 damage)
             ... on level 2 of the Dungeon.
             The game lasted 00:03:20 (232 turns).

Raelden the Grave Robber (Ghoul Necromancer)         Turns: 232, Time: 00:03:21

Health: -1/14      AC:  6    Str: 11    XL:     1   Next: 70%
Magic:  2/2        EV:  8    Int: 10    God:
Gold:   2          SH:  0    Dex:  9    Spells: 2/3 levels left

rFire   . . .      SeeInvis .    f - +0 short sword
rCold   + . .      Faith    .    (no shield)
rNeg    + + +      Spirit   .    g - +0 scale mail
rPois   ∞          Reflect  .    (no helmet)
rElec   .          Harm     .    (no cloak)
rCorr   .          Rampage  .    (no gloves)
Will    .....                    (no boots) Stlth
                                 (no amulet)
HPRegen 0.00/turn                (no ring)
MPRegen 0.08/turn                (no ring)

@: inhibited regen
A: claws 1, cold resistance 1, negative energy resistance 3, inhibited
regeneration, torment resistance 2, devour on kill
a: no special abilities


You were on level 2 of the Dungeon.
You visited 1 branch of the dungeon, and saw 2 of its levels.

You collected 2 gold pieces.

Inventory:

Hand Weapons
 f - a +0 short sword (weapon)
 h - a +0 dagger
Armour
 a - a +0 robe
 g - a +0 scale mail (worn)
Scrolls
 c - a scroll of identify {unknown}
 d - a scroll of immolation {unknown}
 e - a scroll of teleportation {unknown}
Potions
 b - a potion of magic


   Skills:
 + Level 1.7 Dodging
 + Level 2.2 Stealth
 + Level 1.7 Spellcasting
 + Level 4.2 Necromancy


You had 2 spell levels left.
You knew the following spells:

 Your Spells              Type           Power      Damage    Failure   Level
a - Necrotise             Necr           36%        1d5       34%         1

Your spell library contained the following spells:

 Spells                   Type           Power      Damage    Failure   Level
 Vampiric Draining        Necr           9%         2d6       71%         3
 Animate Dead             Necr           9%         N/A       98%         4
 Agony                    Necr           9%         N/A       100%        5


Dungeon Overview and Level Annotations

Branches:
Dungeon (1/15)

Altars:


Innate Abilities, Weirdness & Mutations

You are immune to poison.
You have sharp fingernails.
Your flesh is cold resistant. (rC+)
You are immune to negative energy. (rN+++)
You do not regenerate when monsters are visible.
You are immune to unholy pain and torment.
You thrive by killing the living.


Message History

The endoplasm freezes you.
You are frozen.
You resist. The adder barely misses you.
You barely miss the adder. The adder closely misses you.
The endoplasm hits you but does no damage.
You hit the adder but do no damage. The adder bites you.
The endoplasm closely misses you.
You hit the adder but do no damage. The adder closely misses you.
The endoplasm barely misses you. The adder bites you.
You miss the adder. The endoplasm closely misses you.
The adder closely misses you.
You miss the adder. The adder bites you but does no damage.
The endoplasm freezes you.
You are frozen.
You resist.
* * * LOW HITPOINT WARNING * * *
You miss the adder. The adder bites you.
* * * LOW HITPOINT WARNING * * *
The endoplasm freezes you.
You are frozen.
You resist.
You barely miss the adder. The adder bites you but does no damage.
The endoplasm hits you but does no damage.
The adder barely misses you.
You closely miss the adder. The adder bites you but does no damage.
The endoplasm hits you but does no damage.
You hit the adder.
The adder is lightly wounded.
The adder bites you but does no damage.
The endoplasm hits you but does no damage.
You barely miss the adder.
The adder is lightly wounded.
The adder bites you but does no damage. The endoplasm freezes you.
You are frozen.
You resist. The adder bites you but does no damage.
You barely miss the adder.
The adder is lightly wounded.
The adder bites you but does no damage.
The endoplasm hits you but does no damage.
You barely miss the adder.
The adder is lightly wounded.
The adder bites you.
You die...

.......##...........#
.......##...........#
.#......#.##........#
#...........########
#...........#
............#####
..............$#
...............#
.......@.......#
......JS.....).#
##.###.######.## #
#.. .# #... .# ...#.
>..... #.####


You could see an adder and an endoplasm.

Vanquished Creatures
  An endoplasm (D:2)
  A goblin (D:2)
  A ball python (D:2)
  A frilled lizard (D:2)
  A rat (D:2)
5 creatures vanquished.

Notes
Turn   | Place    | Note
-------+----------+-------------------------------------------
     0 | D:1      | Raelden the Ghoul Necromancer began the quest for the Orb.
     0 | D:1      | Reached XP level 1. HP: 14/14 MP: 2/2
    16 | D:1      | You fall into a shaft and drop 1 floor!
   232 | D:2      | Slain by an adder

Illustrated notes

Levels and vault maps discovered:
D:1:      dpeg_arrival_long_road, layout_loops_ring
D:2:      layout_basic, corner_web_ring, uniq_jessica

Action                     || total
---------------------------++-------
  Melee: Short sword       ||    31
         Unarmed           ||     8
         Punch             ||     1
 Armour: Scale mail        ||    20
         Robe              ||     3
  Dodge: Dodged            ||    24

Table legend: (Time is in decaauts)
 A = Elapsed time spent in this place.
 B = Non-inter-level travel time spent in this place.
 C = Inter-level travel time spent in this place.
 D = Time resting spent in this place.
 E = Time spent auto-exploring this place.
 F = Levels seen in this place.
 G = Mean time per level.
                   A        B        C        D        E       F      G
               +--------+--------+--------+--------+--------+-----+--------+
         Total |    229 |    229 |      0 |      0 |      0 |   2 |  114.5 |
       Dungeon |    229 |    229 |      0 |      0 |      0 |   2 |  114.5 |
               +--------+--------+--------+--------+--------+-----+--------+

Top non-repeatable levels by time:
     D:2: 213 daAuts
     D:1: 16 daAuts
